TOP OF THE 1ST |
Detroit Reapers batting - Pitching for Las Vegas Flamingos : RHP Culley Sandoval
|
Pitching: RHP Culley Sandoval
|
|
Batting: LHB Ryan Westlake
|
0-0: Called Strike 0-1: Foul Ball, location: 2F 0-2: Foul Ball, location: 2F 0-2: Ground out 3-1 (Groundball, 3)
|
Batting: SHB Eiji Suzuki
|
0-0: Foul Ball, location: 2F 0-1: Called Strike 0-2: Foul Ball, location: 2F 0-2: Foul Ball, location: 2F 0-2: Ground out 4-3 (Groundball, 4)
|
Batting: RHB Alan Elder
|
0-0: Called Strike 0-1: Ball 1-1: Foul Ball, location: 2F 1-2: Foul Ball, location: 2F 1-2: SINGLE (Groundball, 56D)
|
Batting: LHB Orlando Trevino
|
0-0: Ball 1-0: Fly out, F7 (Flyball, 78D)
|
Top of the 1st over - 0 run(s), 1 hit(s), 0 error(s), 1 left on base; Detroit 0 - Las Vegas 0 |
BOTTOM OF THE 1ST |
Las Vegas Flamingos batting - Pitching for Detroit Reapers : RHP Francisco López
|
Pitching: RHP Francisco López
|
|
Batting: RHB Travis Newsome
|
0-0: Ball 1-0: Ball 2-0: Swinging Strike 2-1: Foul Ball, location: 2F 2-2: Foul Ball, location: 2F 2-2: Ball 3-2: SINGLE (Groundball, 5D)
|
Batting: RHB Steven Talley
|
0-0: Called Strike 0-1: Ball 1-1: Foul Ball, location: 2F 1-2: Ball 2-2: Foul Ball, location: 2F 2-2: Fly out, F8 (Line Drive, 8RD) Runner from 1st tags up, OUT at 2nd
|
Batting: RHB Bill Taylor
|
0-0: Ball 1-0: Ball 2-0: Foul Ball, location: 2F 2-1: Foul Ball, location: 2F 2-2: Ball 3-2: Ground out U3 (Groundball, 3S)
|
Bottom of the 1st over - 0 run(s), 1 hit(s), 0 error(s), 0 left on base; Detroit 0 - Las Vegas 0 |
TOP OF THE 2ND |
Detroit Reapers batting - Pitching for Las Vegas Flamingos : RHP Culley Sandoval
|
Batting: RHB Joey Morgan
|
0-0: Called Strike 0-1: Reached on error, E4 (Groundball, 4)
|
Batting: RHB Robby Thomas
|
0-0: Called Strike 0-1: Swinging Strike 0-2: Ball 1-2: Strikes out swinging
|
Batting: RHB Kevin Howard
|
0-0: Called Strike 0-1: SINGLE (Line Drive, 4D) Joey Morgan to second Runner from 2nd tries for 3rd, SAFE, throw made to third
|
Batting: RHB Jack Weber
|
0-0: Ball 1-0: Swinging Strike 1-1: Swinging Strike Passed Ball! Joey Morgan scores Kevin Howard to second 1-2: Strikes out swinging
|
Batting: RHB Francisco López
|
0-0: Ball 1-0: Ball 2-0: Called Strike 2-1: Called Strike 2-2: Strikes out swinging
|
Top of the 2nd over - 1 run(s), 1 hit(s), 1 error(s), 1 left on base; Detroit 1 - Las Vegas 0 |
BOTTOM OF THE 2ND |
Las Vegas Flamingos batting - Pitching for Detroit Reapers : RHP Francisco López
|
Batting: RHB Jeff Young
|
0-0: Ball 1-0: Called Strike 1-1: Swinging Strike 1-2: Ball 2-2: Foul Ball, location: 2F 2-2: Ball 3-2: Fly out, F5 (Popup, 5SF)
|
Batting: RHB Matt Sheppard
|
0-0: Called Strike 0-1: Fly out, F9 (Flyball, 9M)
|
Batting: LHB Ron Goodwin
|
0-0: Called Strike 0-1: Fly out, F7 (Flyball, 78S)
|
Bottom of the 2nd over - 0 run(s), 0 hit(s), 0 error(s), 0 left on base; Detroit 1 - Las Vegas 0 |
TOP OF THE 3RD |
Detroit Reapers batting - Pitching for Las Vegas Flamingos : RHP Culley Sandoval
|
Batting: LHB Ryan Westlake
|
0-0: Ball 1-0: Foul Ball, location: 2F 1-1: Called Strike 1-2: Strikes out swinging
|
Batting: SHB Eiji Suzuki
|
0-0: SOLO HOME RUN (Flyball, 89XD), Distance : 438 ft
|
Batting: RHB Alan Elder
|
0-0: Called Strike 0-1: Ball 1-1: Swinging Strike 1-2: Foul Ball, location: 2F 1-2: Foul Ball, location: 2F 1-2: Ball 2-2: Ball 3-2: Foul Ball, location: 2F 3-2: Base on Balls
|
Batting: LHB Orlando Trevino
|
0-0: Ball 1-0: Swinging Strike 1-1: Foul Ball, location: 2F 1-2: Ball 2-2: Grounds into double play, 6-4-3 (Groundball, 6)
|
Top of the 3rd over - 1 run(s), 1 hit(s), 0 error(s), 0 left on base; Detroit 2 - Las Vegas 0 |
BOTTOM OF THE 3RD |
Las Vegas Flamingos batting - Pitching for Detroit Reapers : RHP Francisco López
|
Batting: RHB David Gómez
|
0-0: SINGLE (Line Drive, 4MD)
|
Batting: RHB Terry Sylvester
|
0-0: Called Strike 0-1: Ball 1-1: Fly out, F9 (Flyball, 9M)
|
Batting: RHB Culley Sandoval
|
0-0: Called Strike 0-1: Sac Bunt - play at first, batter OUT! 2-4 David Gómez to second
|
Batting: RHB Travis Newsome
|
0-0: Ball 1-0: Foul Ball, location: 2F 1-1: Ground out 6-3 (Groundball, 6M)
|
Bottom of the 3rd over - 0 run(s), 1 hit(s), 0 error(s), 1 left on base; Detroit 2 - Las Vegas 0 |
TOP OF THE 4TH |
Detroit Reapers batting - Pitching for Las Vegas Flamingos : RHP Culley Sandoval
|
Batting: RHB Joey Morgan
|
0-0: Ball 1-0: Ball 2-0: DOUBLE (Line Drive, 78D)
|
Batting: RHB Robby Thomas
|
0-0: Called Strike 0-1: Foul Ball, location: 2F 0-2: Ball 1-2: Ball 2-2: Strikes out swinging
|
Batting: RHB Kevin Howard
|
0-0: Called Strike 0-1: Foul Ball, location: 2F 0-2: Foul Ball, location: 2F 0-2: Ball 1-2: Ball 2-2: Strikes out swinging
|
Batting: RHB Jack Weber
|
0-0: Intentional Walk
|
Batting: RHB Francisco López
|
0-0: Called Strike 0-1: Foul Ball, location: 2F 0-2: Strikes out swinging
|
Top of the 4th over - 0 run(s), 1 hit(s), 0 error(s), 2 left on base; Detroit 2 - Las Vegas 0 |
BOTTOM OF THE 4TH |
Las Vegas Flamingos batting - Pitching for Detroit Reapers : RHP Francisco López
|
Batting: RHB Steven Talley
|
0-0: Called Strike 0-1: Ground out 4-3 (Groundball, 4M)
|
Batting: RHB Bill Taylor
|
0-0: Ball 1-0: Ball 2-0: Ball 3-0: Called Strike 3-1: Base on Balls
|
Batting: RHB Jeff Young
|
0-0: Ball 1-0: DOUBLE (Line Drive, 89S) Bill Taylor to third Runner from 3rd tries for Home, SAFE, no throw or cutoff
|
Batting: RHB Matt Sheppard
|
0-0: Ball 1-0: Foul Ball, location: 2F 1-1: Called Strike 1-2: Foul Ball, location: 2F 1-2: Foul Ball, location: 2F 1-2: Fly out, F7 (Flyball, 78S)
|
Batting: LHB Ron Goodwin
|
0-0: Ball Passed Ball! Jeff Young to third 1-0: DOUBLE (Line Drive, 89D) Jeff Young scores
|
Batting: RHB David Gómez
|
0-0: Ball 1-0: SINGLE (Line Drive, 89S) Ron Goodwin to third
|
Batting: RHB Terry Sylvester
|
0-0: Foul Ball, location: 2F 0-1: Ball 1-1: Foul Ball, location: 2F 1-2: Foul Ball, location: 2F 1-2: Foul Ball, location: 2F 1-2: Strikes out swinging
|
Bottom of the 4th over - 2 run(s), 3 hit(s), 0 error(s), 2 left on base; Detroit 2 - Las Vegas 2 |
TOP OF THE 5TH |
Detroit Reapers batting - Pitching for Las Vegas Flamingos : RHP Culley Sandoval
|
Batting: LHB Ryan Westlake
|
0-0: Called Strike 0-1: Called Strike 0-2: Ball 1-2: Ball 2-2: Foul Ball, location: 2F 2-2: Foul Ball, location: 2F 2-2: Ball 3-2: Base on Balls
|
Batting: SHB Eiji Suzuki
|
0-0: Ball 1-0: Swinging Strike 1-1: Ball 2-1: Fielders Choice at 2nd, 1-6 (Groundball, 15S)
|
Batting: RHB Alan Elder
|
0-0: Grounds into double play, 6-4-3 (Groundball, 6M)
|
Top of the 5th over - 0 run(s), 0 hit(s), 0 error(s), 0 left on base; Detroit 2 - Las Vegas 2 |
BOTTOM OF THE 5TH |
Las Vegas Flamingos batting - Pitching for Detroit Reapers : RHP Francisco López
|
Batting: RHB Culley Sandoval
|
0-0: Swinging Strike 0-1: Ground out 4-3 (Groundball, 4M)
|
Batting: RHB Travis Newsome
|
0-0: Ground out 5-3 (Groundball, 56)
|
Batting: RHB Steven Talley
|
0-0: Ball 1-0: Ball 2-0: Ball 3-0: Base on Balls
|
Batting: RHB Bill Taylor
|
0-0: Ball 1-0: Called Strike 1-1: Ball Steven Talley is caught stealing 2nd base
|
Bottom of the 5th over - 0 run(s), 0 hit(s), 0 error(s), 0 left on base; Detroit 2 - Las Vegas 2 |
TOP OF THE 6TH |
Detroit Reapers batting - Pitching for Las Vegas Flamingos : RHP Culley Sandoval
|
Batting: LHB Orlando Trevino
|
0-0: Ball 1-0: Called Strike 1-1: Ball 2-1: Ball 3-1: Base on Balls
|
Batting: RHB Joey Morgan
|
0-0: Swinging Strike 0-1: Ball 1-1: Foul Ball, location: 2F 1-2: Ball 2-2: Strikes out swinging
|
Batting: RHB Robby Thomas
|
0-0: Foul Ball, location: 2F 0-1: Ball 1-1: Foul Ball, location: 2F 1-2: Strikes out looking
|
Batting: RHB Kevin Howard
|
0-0: SINGLE (Groundball, 4MD) Orlando Trevino to second
|
Batting: RHB Jack Weber
|
0-0: Ball 1-0: Foul Ball, location: 2F 1-1: Ball 2-1: Fly out, F5 (Line Drive, 5)
|
Top of the 6th over - 0 run(s), 1 hit(s), 0 error(s), 2 left on base; Detroit 2 - Las Vegas 2 |
BOTTOM OF THE 6TH |
Las Vegas Flamingos batting - Pitching for Detroit Reapers : RHP Francisco López
|
Batting: RHB Bill Taylor
|
0-0: Called Strike 0-1: SINGLE (Groundball, 56D) (infield hit)
|
Batting: RHB Jeff Young
|
0-0: Grounds into double play, 5-4-3 (Groundball, 5D)
|
Batting: RHB Matt Sheppard
|
0-0: Ball 1-0: Fly out, F9 (Flyball, 89S)
|
Bottom of the 6th over - 0 run(s), 1 hit(s), 0 error(s), 0 left on base; Detroit 2 - Las Vegas 2 |
TOP OF THE 7TH |
Detroit Reapers batting - Pitching for Las Vegas Flamingos : RHP Culley Sandoval
|
Batting: RHB Francisco López
|
0-0: Called Strike 0-1: Foul Ball, location: 2F 0-2: DOUBLE (Line Drive, 3)
|
Batting: LHB Ryan Westlake
|
0-0: Ball 1-0: Foul Ball, location: 2F 1-1: Ball 2-1: Ball 3-1: SINGLE (Groundball, 5D) Francisco López to third Runner from 3rd tries for Home, SAFE, throw made home
|
Batting: SHB Eiji Suzuki
|
0-0: Bunted foul 0-1: Bunted foul 0-2: Ball 1-2: Ball 2-2: Ball 3-2: Base on Balls Ryan Westlake to second
|
Batting: RHB Alan Elder
|
0-0: Fly out, F8 (Flyball, 8LD)
|
Batting: LHB Orlando Trevino
|
0-0: Ground out 4-3 (Groundball, 4M) Ryan Westlake to third Eiji Suzuki to second
|
Batting: RHB Joey Morgan
|
0-0: Ball 1-0: Ball 2-0: Swinging Strike 2-1: Ball 3-1: Called Strike 3-2: Strikes out swinging
|
Top of the 7th over - 1 run(s), 2 hit(s), 0 error(s), 2 left on base; Detroit 3 - Las Vegas 2 |
BOTTOM OF THE 7TH |
Las Vegas Flamingos batting - Pitching for Detroit Reapers : RHP Francisco López
|
Batting: LHB Ron Goodwin
|
0-0: Ball 1-0: Ball 2-0: SINGLE (Groundball, 4M)
|
Batting: RHB David Gómez
|
0-0: Called Strike 0-1: Foul Ball, location: 2F 0-2: Ball 1-2: Fielders Choice at 2nd, 1-4 (Groundball, 15)
|
Batting: RHB Terry Sylvester
|
0-0: Called Strike 0-1: Swinging Strike 0-2: Ball 1-2: Foul Ball, location: 2F 1-2: SINGLE (Groundball, 56D) David Gómez to second
|
Pinch Hitting: RHB Floyd Mitchell
|
0-0: Ball 1-0: SINGLE (Groundball, 5D) David Gómez to third Terry Sylvester to second Runner from 3rd tries for Home, SAFE, throw made home
|
Batting: RHB Travis Newsome
|
0-0: Swinging Strike 0-1: Foul Ball, location: 2F 0-2: Ball 1-2: SINGLE (Groundball, 56D) Terry Sylvester to third Floyd Mitchell to second Runner from 3rd tries for Home, throw and OUT! Floyd Mitchell to third Travis Newsome to second
|
Batting: RHB Steven Talley
|
0-0: Called Strike Passed Ball! Floyd Mitchell scores Travis Newsome to third 0-1: Called Strike 0-2: Foul Ball, location: 2F 0-2: SINGLE (Groundball, 6MD) Travis Newsome scores
|
Pitching: RHP Casey Bader
|
|
Batting: RHB Bill Taylor
|
0-0: Ground out 5-3 (Groundball, 5L)
|
Bottom of the 7th over - 3 run(s), 5 hit(s), 0 error(s), 1 left on base; Detroit 3 - Las Vegas 5 |
TOP OF THE 8TH |
Detroit Reapers batting - Pitching for Las Vegas Flamingos : RHP Culley Sandoval
|
Pitching: RHP Erik Davis
|
|
Now at 2B: Manny Freitas
|
|
Batting: RHB Robby Thomas
|
0-0: Ball 1-0: Ball 2-0: SINGLE (Groundball, 4D)
|
Pitching: RHP Tony Hernández
|
|
Batting: RHB Kevin Howard
|
0-0: Called Strike 0-1: Ball 1-1: Swinging Strike 1-2: Foul Ball, location: 2F 1-2: Foul Ball, location: 2F 1-2: Fly out, F9 (Line Drive, 89M)
|
Batting: RHB Jack Weber
|
0-0: Ball 1-0: Foul Ball, location: 2F 1-1: SINGLE (Line Drive, 56D) Robby Thomas to second
|
Pinch Hitting: RHB Abílio Conceio
|
0-0: Ball 1-0: Grounds into double play, 6-4-3 (Groundball, 6M)
|
Top of the 8th over - 0 run(s), 2 hit(s), 0 error(s), 1 left on base; Detroit 3 - Las Vegas 5 |
BOTTOM OF THE 8TH |
Las Vegas Flamingos batting - Pitching for Detroit Reapers : RHP Casey Bader
|
Pitching: RHP Jim Washington
|
|
Batting: RHB Jeff Young
|
0-0: Ball 1-0: Swinging Strike 1-1: Ground out 6-3 (Groundball, 6)
|
Batting: RHB Matt Sheppard
|
0-0: Ball 1-0: Foul Ball, location: 2F 1-1: Foul Ball, location: 2F 1-2: Ground out 6-3 (Groundball, 6)
|
Batting: LHB Ron Goodwin
|
0-0: Ball 1-0: Ball 2-0: Called Strike 2-1: Fly out, F8 (Line Drive, 8RM)
|
Bottom of the 8th over - 0 run(s), 0 hit(s), 0 error(s), 0 left on base; Detroit 3 - Las Vegas 5 |
TOP OF THE 9TH |
Detroit Reapers batting - Pitching for Las Vegas Flamingos : RHP Tony Hernández
|
Pitching: RHP Augusto Dávila
|
|
Now in CF: Tom Baker
|
|
Batting: LHB Ryan Westlake
|
0-0: Ball 1-0: Foul Ball, location: 2F 1-1: Called Strike 1-2: Fly out, F9 (Flyball, 89D)
|
Batting: SHB Eiji Suzuki
|
0-0: Foul Ball, location: 2F 0-1: Foul Ball, location: 2F 0-2: Ball 1-2: Foul Ball, location: 2F 1-2: SINGLE (Groundball, 25) (infield hit)
|
Batting: RHB Alan Elder
|
0-0: Ball 1-0: Ball 2-0: Foul Ball, location: 2F 2-1: Swinging Strike 2-2: Strikes out looking
|
Batting: LHB Orlando Trevino
|
0-0: Ball 1-0: Swinging Strike 1-1: Called Strike 1-2: Ball 2-2: Ball 3-2: Strikes out looking
|
Top of the 9th over - 0 run(s), 1 hit(s), 0 error(s), 1 left on base; Detroit 3 - Las Vegas 5 |
|